 Dungeon Crawl Stone Soup version 0.26-b1-32-g5d43845318 (webtiles) character file.

Game seed: 9820908146424123110

243 DildoBatman the Conjurer (level 6, -11/41 HPs)
             Began as a Formicid Conjurer on Jan 4, 2021.
             Was a Follower of Makhleb.
             Killed from afar by Harold (16 damage)
             ... with a harpoon shot
             ... on level 7 of the Dungeon on Jan 5, 2021.
             The game lasted 00:11:32 (3183 turns).

DildoBatman the Conjurer (Formicid Conjurer)        Turns: 3183, Time: 00:11:33

Health: -11/41     AC:  4    Str: 12    XL:     6   Next: 31%
Magic:  11/11      EV: 16    Int: 19    God:    Makhleb [*.....]
Gold:   132        SH:  0    Dex:  9    Spells: 9/12 levels left

rFire    . . .     SeeInvis +   a - +0 spear (vorpal)
rCold    . . .     Faith    .   (no shield)
rNeg     . . .     Spirit   .   B - +0 robe
rPois    .         Reflect  .   (helmet unavailable)
rElec    .         Harm     .   (no cloak)
rCorr    .         Rampage  .   i - +0 pair of gloves
Will     .....                  c - +0 pair of boots {Stlth+}
Stlth    +++.......             m - amulet of magic regeneration
HPRegen  0.13/turn              u - +4 ring of evasion
MPRegen  0.37/turn              y - ring of wizardry

@: no status effects
A: permanent stasis, dig shafts and tunnels, four strong arms, antennae 3
a: Dig, Shaft Self, Renounce Religion


You were on level 7 of the Dungeon.
You worshipped Makhleb.
Makhleb was aware of your devotion.
You visited 1 branch of the dungeon, and saw 7 of its levels.

You collected 132 gold pieces.

Inventory:

Hand Weapons
 a - a +0 vorpal spear (weapon)
Missiles
 d - 89 stones
 f - 16 poisoned darts
 k - 44 bolts
 q - 94 arrows
 r - 4 javelins
 z - 14 sling bullets
Armour
 c - a +0 pair of boots of stealth (worn)
 i - a +0 pair of gloves (worn)
 B - a +0 robe (worn)
Magical Staves
 b - an uncursed staff of poison
Jewellery
 m - an amulet of magic regeneration (around neck)
 u - a +4 ring of evasion (left hand)
 y - a ring of wizardry (right hand)
Wands
 x - a wand of flame (15)
Scrolls
 l - a scroll of noise {unknown}
 o - a scroll of immolation {unknown}
 p - 2 scrolls of remove curse {unknown}
 s - 3 scrolls of identify {unknown}
 v - a scroll of random uselessness {unknown}
 A - 3 scrolls of enchant armour {unknown}
Potions
 e - 2 potions of cancellation {unknown}
 g - 2 potions of resistance {unknown}
 h - 2 potions of mutation {unknown}
 j - a potion of attraction {unknown}
 n - 3 potions of curing {unknown}
 t - a potion of invisibility {unknown}
 w - 3 potions of lignification {unknown}


   Skills:
 * Level 0.0 Fighting
 * Level 0.0 Armour
 - Level 1.7 Dodging
 * Level 2.4 Stealth
 * Level 3.5 Spellcasting
 - Level 6.0 Conjurations


You had 9 spell levels left.
You knew the following spells:

 Your Spells              Type           Power        Failure   Level
a - Searing Ray           Conj           52%          1%          2
c - Magic Dart            Conj           100%         1%          1

Your spell library contained the following spells:

 Spells                   Type           Power        Failure   Level
 Shock                    Conj/Air       56%          1%          1
 Dazzling Flash           Conj/Hex       28%          5%          3
 Static Discharge         Conj/Air       14%          5%          3
 Summon Small Mammal      Summ           12%          6%          1
 Call Imp                 Summ           3%           9%          2
 Fulminant Prism          Conj/Hex       7%           16%         4
 Iskenderun's Mystic Bla  Conj/Tloc      14%          16%         4
 Call Canine Familiar     Summ           3%           17%         3
 Summon Guardian Golem    Hex/Summ       3%           17%         3
 Lightning Bolt           Conj/Air       7%           41%         5
 Airstrike                Air            1%           47%         4
 Summon Ice Beast         Ice/Summ       3%           47%         4
 Summon Lightning Spire   Summ/Air       3%           47%         4
 Swiftness                Air            Unusable     N/A         2

Dungeon Overview and Level Annotations

Branches:
Dungeon (7/15)
 Temple: D:4-7

Altars:
Makhleb

Annotations:
D:3 2 transporters, exclusions: crimson imp, 2 gnolls and 1 more exclusion, DungeonDestroyer's ghost, amateur DgFi
D:7 Harold


Innate Abilities, Weirdness & Mutations

You cannot be hasted, slowed, berserked, paralysed or teleported.
You can dig through walls and to a lower floor.
Your four strong arms can wield two-handed weapons with a shield.
You have a pair of large antennae on your head. (SInv)


Message History

You hear a shout!
Harold throws a throwing net.
The throwing net closely misses you.
Found a war axe.
You see here a throwing net.
Harold throws a throwing net.
The throwing net hits you.
You become entangled in the net!
You see here a throwing net.
You struggle against the net.
You struggle against the net.
You struggle against the net.
Harold hits you with a +0 dire flail!!
You struggle against the net.
Harold hits you with a +0 dire flail!
You rip the net and break free!
Harold closely misses you. Harold fires a harpoon shot at you.
The harpoon shot hits you!
You die...

## ### ##.# .. #(.###
###..## ...
#....#####.....# ##...
#....#.........##...
#...................
##......#........#
##.......##.....<## .
#..............@## ##..
####..............# .....
##.............@###......
.....)..........#(@......
#.........##.....#).....#
#........##......#......#
#.##......##.....##......
.........###..#..# #.....
..........##..#..( .....


You could see Harold.

Vanquished Creatures
  A bullfrog (D:7)
  2 hounds
  4 adders
  2 adder skeletons (D:7)
  A worm (D:3)
  A dart slug (D:1)
  2 leopard geckos (D:3)
  2 orcs (D:3)
  2 giant cockroaches
  7 goblins
  7 hobgoblins
  6 jackals
  5 quokkas
  7 bats
  8 frilled lizards
  8 kobolds
  2 rats
67 creatures vanquished.

Vanquished Creatures (others)
  7 plants (D:1)
7 creatures vanquished.

Grand Total: 74 creatures vanquished

Notes
Turn   | Place    | Note
-------+----------+-------------------------------------------
     0 | D:1      | DildoBatman the Formicid Conjurer began the quest for the
                  | Orb.
     0 | D:1      | Reached XP level 1. HP: 13/13 MP: 3/3
   326 | D:1      | Reached skill level 4 in Conjurations
   326 | D:1      | Reached XP level 2. HP: 19/19 MP: 0/5
   421 | D:1      | Learned a level 2 spell: Searing Ray
   789 | D:1      | Reached XP level 3. HP: 21/24 MP: 3/6
  1272 | D:2      | Found a faded altar of an unknown god.
  1901 | D:3      | Reached XP level 4. HP: 30/30 MP: 3/7
  1943 | D:3      | Reached skill level 5 in Conjurations
  2059 | D:2      | Became a worshipper of Makhleb the Destroyer
  2059 | D:2      | Reached * piety under Makhleb
  2110 | D:3      | Found a burning altar of Makhleb.
  2301 | D:3      | Found a transporter.
  2311 | D:3      | Noticed DungeonDestroyer's ghost (amateur DgFi)
  2487 | D:3      | Reached XP level 5. HP: 34/35 MP: 5/8
  2592 | D:3      | Found a transporter.
  2936 | D:5      | Entered Level 5 of the Dungeon
  3053 | D:7      | Noticed a bullfrog
  3057 | D:7      | Killed a bullfrog
  3058 | D:7      | Reached skill level 6 in Conjurations
  3058 | D:7      | Reached XP level 6. HP: 41/41 MP: 4/10
  3111 | D:7      | Reached ** piety under Makhleb
  3173 | D:7      | Noticed Harold
  3183 | D:7      | Killed from afar by Harold

Illustrated notes

Levels and vault maps discovered:
D:1:      kennysheep_arrival_seaside, layout_basic, palyth_stone_intersect,
          minmay_bisected
D:2:      layout_loops_cross, chequers_ecumenical_altar_simple, serial_rivers,
          chequers_serial_rivers_micro_e, chequers_serial_rivers_large_a,
          chequers_serial_rivers_small_b, chequers_serial_rivers_micro_d,
          chequers_serial_rivers_room_a, chequers_serial_rivers_small_b
D:3:      layout_rooms, grunt_temple_overflow_lords_of_destruction,
          gammafunk_ghost_stat_death, minmay_fractal_squares_gapless_5
D:4:      layout_loops_ring
D:5:      layout_rooms, minmay_misc_feat_nine_boxes,
          nicolae_dithmenos_shadow_blocks
D:6:      layout_basic, gammafunk_ghost_stat_death, minmay_starry_boxes
D:7:      layout_cave_pools, minmay_temple_entry_fiery,
          nicolae_ossuary_entry_plus, uniq_harold

Skill      XL: |  1  2  3  4  5  6 |
---------------+-------------------+-----
Conjurations   | 4 5 6 |  6.0
Spellcasting   | 3 |  3.5
Dodging        | |  1.7
Stealth        | |  2.4

Action                   |  1- 3 |  4- 6 || total
-------------------------+-------+-------++-------
Melee: Unarmed           |    16 |       ||    16
       Short sword       |    14 |       ||    14
       Spear             |       |     2 ||     2
 Cast: Magic Dart        |    52 |    57 ||   109
       Searing Ray       |     5 |     8 ||    13
 Abil: Dig               |     6 |     3 ||     9
  Use: Scroll            |       |     5 ||     5
 Stab: Sleeping          |     1 |       ||     1
Armor: Robe              |     3 |     3 ||     6
Dodge: Dodged            |    16 |    23 ||    39
